 Dungeon Crawl Stone Soup version 0.16.0-18-g484a79e (webtiles) character file.

325864 Leibowitz the Acrobat (level 21, -23/189 HPs)
             Began as a Merfolk Gladiator on Mar 22, 2015.
             Was the Champion of Okawaru.
             Killed from afar by Margery (117 damage)
             ... with a bolt of fire
             ... on level 3 of the Crypt.
             The game lasted 04:50:54 (44171 turns).

Leibowitz the Acrobat (Merfolk Gladiator)          Turns: 44171, Time: 04:50:57

Health: -23/189    AC: 30    Str: 21    XL:     21   Next: 63%
Magic:  23/23      EV: 35    Int:  9    God:    Okawaru [******]
Gold:   4917       SH:  0    Dex: 26    Spells: 1 memorised, 18 levels left

rFire  x . .     SeeInvis +     a - +7 demon trident (flame)
rCold  + . .     Clarity  .     F - +4 scale mail "Grurch" {rPois rC+ SInv}
rNeg   . . .     SustAb   .     (no shield)
rPois  +         Gourm    .     J - +0 hat "Jiawkots" {rPois Slay+6}
rElec  +         Spirit   .     G - +2 cloak {MR+}
rCorr  .         Warding  .     m - +2 pair of gloves
rMut   .         Stasis   .     e - +2 pair of boots of the Original Sin {Str+3}
MR     ++...     NoCast   +     d - amulet of regeneration
Stlth  ++++++....               B - ring "Twiuc" {Int+2 Slay+4}
                                U - ring of Zin's Righteous Anger {-Cast +Fly rElec rF- Dex+4 SInv}

@: heroism, drained, very resistant to hostile enchantments, very stealthy
A: change form in water, swift swim, horns 1, icy blue scales 1, iridescent
scales 1
a: Heroism, Finesse, Renounce Religion, Evoke Flight
}: 2/15 runes: barnacled, gossamer


You were on level 3 of the Crypt.
You worshipped Okawaru.
Okawaru was exalted by your worship.
You were not hungry.

You visited 10 branches of the dungeon, and saw 46 of its levels.
You also visited: Ossuary and Wizlab.

You collected 5418 gold pieces.
You spent 501 gold pieces at shops.

Inventory:

Hand weapons
 a - a +7 demon trident of flaming (weapon)
 k - a +5 antimagic demon trident
 E - the -1 bardiche "Guri" {freeze, +Blink rN+ MR+}
   (Okawaru gifted it to you on level 2 of the Lair of Beasts)

   It has been specially enchanted to freeze those struck by it, causing extra
   injury to most foes and up to half again as much damage against particularly
   susceptible opponents.
   It can also slow down cold-blooded creatures.
   It protects you from negative energy.
   It affects your resistance to hostile enchantments.
   It lets you blink.
Missiles
 f - 5 poisoned javelins (quivered)
 y - 13 throwing nets
Armour
 e - the +2 pair of boots of the Original Sin (worn) {Str+3}
   (Okawaru gifted it to you on level 5 of the Shoals)

   It affects your strength (+3).
 m - a +2 pair of gloves (worn)
 F - the +4 scale mail "Grurch" (worn) {rPois rC+ SInv}
   (You bought it in a shop on level 10 of the Dungeon)

   It protects you from cold.
   It protects you from poison.
   It enhances your eyesight.
 G - a +2 cloak of magic resistance (worn)
 J - the +0 hat "Jiawkots" (worn) {rPois Slay+6}
   (Okawaru gifted it to you on level 8 of the Lair of Beasts)

   It affects your accuracy and damage with ranged weapons and melee attacks
   (+6).
   It protects you from poison.
Jewellery
 c - an uncursed ring of protection from fire
 d - an amulet of regeneration (around neck)
 g - an uncursed ring of positive energy
 j - an uncursed amulet of warding
 z - an uncursed ring of fire
 B - the ring "Twiuc" (right hand) {Int+2 Slay+4}
   (You took it off an orc priest on level 10 of the Dungeon)

   [ring of slaying]

   It affects your intelligence (+2).
   It affects your accuracy and damage with ranged weapons and melee attacks
   (+4).
 K - an uncursed amulet of resist mutation
 O - an uncursed amulet of resist corrosion
 P - an uncursed ring of sustain abilities
 U - the ring of Zin's Righteous Anger (left hand) {-Cast +Fly rElec rF- Dex+4 SInv}
   (You acquired it on level 5 of the Lair of Beasts)

   [ring of dexterity]

   It affects your dexterity (+4).
   It makes you vulnerable to fire.
   It insulates you from electricity.
   It enhances your eyesight.
   It lets you fly.
   It prevents spellcasting.
 V - an uncursed amulet of stasis
Magical devices
 t - a wand of disintegration (11)
 I - a wand of invisibility (0)
Scrolls
 b - 3 scrolls of enchant weapon
 h - 2 scrolls of blinking
 i - 10 scrolls of teleportation
 l - 22 scrolls of remove curse
 n - 15 scrolls of identify
 p - 6 scrolls of magic mapping
 q - 5 scrolls of recharging
 v - 3 scrolls of fear
 H - a scroll of acquirement
 L - 5 scrolls of enchant armour
 W - a scroll of fog
Potions
 s - 2 potions of heal wounds
 u - 6 potions of restore abilities
 w - 4 potions of ambrosia
 x - 9 potions of agility
 D - 18 potions of curing
 M - 2 potions of might
 Q - 5 potions of haste
 R - a potion of invisibility
 S - 9 potions of magic
 T - 7 potions of resistance
 X - 5 potions of cure mutation
 Z - 4 potions of flight
Comestibles
 r - 3 fruits
 A - a meat ration


   Skills:
 * Level 22.1(26.0) Fighting
   Level 0.2(4.6) Long Blades
 - Level 21.7(25.8) Polearms
 - Level 4.0(8.3) Throwing
 * Level 11.6(15.9) Armour
 * Level 23.6(26.0) Dodging
 - Level 12.5(16.7) Stealth
 + Level 2.3(1.8) Invocations
 + Level 0.7(0.2) Evocations


You had 18 spell levels left.
You knew the following spells:

 Your Spells              Type           Power        Failure   Level  Hunger
a - Cure Poison           Pois           #.........   94%         2    ###....


Dungeon Overview and Level Annotations

Branches:
Dungeon (15/15)            Temple (1/1) D:6            Lair (8/8) D:9
 Shoals (5/5) Lair:5       Spider (5/5) Lair:5        Slime (0/6) Lair:6
    Orc (4/4) D:10            Elf (0/3) Orc:3        Vaults (3/5) D:14
  Crypt (3/3) Vaults:3     Depths (1/5) D:15           Hell (1/1)
   Tomb: Crypt:3        Dis: Hell:1         Geh: Hell:1         Coc: Hell:1
    Tar: Hell:1

Altars:
Ashenzari
Cheibriados
Elyvilon
Fedhas
Gozag
Kikubaaqudgha
Makhleb
Okawaru
Sif Muna
Trog
Vehumet
Yredelemnul
Zin
The Shining One
Beogh
Jiyva

Shops:
D:4 %   D:7 %   D:10 !=%[*   D:15 %?   Orc:4 *}:}*   Shoals:1 :   Shoals:3 :
Vaults:2 *

Portals:
Hell: Depths:1
Trove: Depths:1 (give 6 potions of haste)

Annotations:
Crypt:3 Margery
Hell Geryon


Innate Abilities, Weirdness & Mutations

You revert to your normal form in water.
You are very nimble and swift while swimming.
You have a pair of small horns on your head.
You are partially covered in icy blue scales (AC +1).
You are partially covered in iridescent scales (AC +4).


Message History

Margery is heavily wounded.
You impale Margery!! You burn Margery. You headbutt Margery!
Margery is severely wounded.
Margery casts a spell at you. The bolt of fire misses you.
The hell knight completely misses you.
You barely miss Margery.
Margery is severely wounded.
The hell knight gestures at you while chanting.
The bolt of fire hits Margery.
Margery resists.
The bolt of fire misses you.
You impale Margery!! You burn Margery. You headbutt Margery!
Margery is almost dead.
The hell knight gestures at you while chanting.
The bolt of fire misses Margery.
The bolt of fire misses you.
You puncture Margery! You headbutt Margery.
Margery is almost dead.
The hell knight completely misses you.
Margery points at you and mumbles some strange words.
The bolt of fire hits you! The fire burns you terribly!
Ouch! That really hurt!
You die...

...8 .... ###'''### ### +.......+
##.# #.......# #..## ##.......##
#...# #.pp......# #.8.##
###@......# #....#####.@#.....#+
#......#....####### #
#...........# ## ##..........#
.### ##.....⌠...#
^..#######.......###### .
..)...## ###.....##...# ...
.......## ###...)##._.##....### #
###.....###.##...).........##.###


You could see Margery and 2 hell knights.

Vanquished Creatures
  Saint Roka (Depths:1)
  Mara (Spider:4)
  A Cloud Mage (WizLab)
  A kraken (Shoals:4)
  Rupert (Spider:2)
  Agnes (Shoals:5)
  4 ancient champions
  Kirke (Spider:1)
  Ilsuiw (Shoals:5)
  A frost giant (Depths:1)
  Donald (Orc:4)
  3 vault wardens (Vaults:1)
  Louise (Shoals:5)
  6 emperor scorpions (Spider:5)
  A curse skull (Crypt:1)
  3 ghost moths (Spider:5)
  Gastronok (Lair:1)
  Jorgrun (Shoals:3)
  The ghost of magipi the Fencer, a powerful HEAK of Lugonu (Shoals:1)
  A ghoul (Crypt:1)
  A vampire knight (Crypt:2)
  6 stone giants
  A Killer Klown skeleton (Crypt:1)
  2 dire elephants (Depths:1)
  2 ettins (Depths:1)
  2 deep elf death magi
  12 merfolk javelineers
  2 great orbs of eyes
  A fire dragon (Depths:1)
  3 eidola
  10 merfolk impalers
  15 jiangshi
  Josephine (Shoals:1)
  4 vault guards (D:14)
  The ghost of Virusyak the Impaler, a powerful MfGl of Dithmenos (Lair:2)
  2 death cobs (Crypt:3)
  A quicksilver dragon zombie (Crypt:2)
  7 hydras
  2 quicksilver dragon skeletons (Crypt:1)
  The ghost of UristMcMason the Cleaver, a powerful FoFi of Cheibriados (D:13)
  Nessos (D:13)
  4 merfolk avatars
  5 ogre magi
  An alligator snapping turtle (Shoals:5)
  A rakshasa (Depths:1)
  5 satyrs
  2 deep troll earth magi (Depths:1)
  A hell beast (Depths:1)
  A spectral stone giant (Crypt:3)
  7 centaur warriors
  8 merfolk aquamancers
  2 death knights
  6 death yaks (Lair:8)
  2 deep troll shamans (Depths:1)
  An alligator (Shoals:5)
  5 vampire magi
  A titan zombie (Crypt:2)
  2 tengu warriors
  4 orc high priests (Orc:4)
  A sun demon (Hell)
  A soul eater (Crypt:2)
  A spectral catoblepas (Crypt:3)
  A shadow wraith (Crypt:2)
  2 hell knights (Crypt:3)
  An unseen horror (shapeshifter) (Vaults:1)
  A deep elf knight (Vaults:1)
  26 skeletal warriors
  3 deep trolls
  2 golden dragon zombies
  12 sea snakes
  A flayed ghost (Crypt:1)
  5 unseen horrors
  Erolcha (D:13)
  An anaconda zombie (Crypt:2)
  5 wizards
  6 orc knights
  An ice devil (Depths:1)
  2 golden dragon skeletons
  4 necromancers
  3 shadow dragon zombies (Crypt:2)
  7 ironbrand convokers
  11 orb spiders
  10 harpies
  4 orc sorcerers
  8 hill giants
  A deep elf conjurer (D:15)
  10 manticores
  3 frost giant zombies
  24 wolf spiders
  2 phantasmal warriors (Crypt:1)
  5 water nymphs
  A fire giant zombie (Crypt:2)
  A hornet (shapeshifter) (Vaults:1)
  18 ugly things
  10 cyclopes
  17 griffons
  6 elephants (Lair:8)
  24 fauns
  7 hornets
  9 black mambas
  9 dire elephant zombies (Crypt:2)
  A guardian serpent (D:12)
  2 moths of wrath
  A fire giant skeleton (Crypt:2)
  A rust devil (Depths:1)
  6 vault sentinels (Vaults:2)
  8 spiny frogs
  2 frost giant skeletons
  11 sirens
  An emperor scorpion zombie (Crypt:2)
  4 torpor snails
  A naga mage (D:15)
  A grey draconian zombie (Crypt:2)
  An elf (shapeshifter) (D:11)
  A pale draconian zombie (Crypt:2)
  4 fire drakes
  A storm dragon simulacrum (Depths:1)
  A yellow draconian zombie (Crypt:2)
  An alligator snapping turtle skeleton (Crypt:1)
  22 demonic crawlers
  A tengu conjurer (Depths:1)
  A green draconian skeleton (Crypt:2)
  15 yaktaurs
  A red devil (Depths:1)
  8 trolls
  A grey draconian skeleton (Crypt:1)
  An efreet (D:13)
  3 freezing wraiths
  10 komodo dragons
  46 merfolk
  2 kobold demonologists (Vaults:2)
  A spriggan druid (Lair:8)
  A wandering mushroom (Lair:7)
  2 hydra zombies (Crypt:2)
  Sonja (Orc:2)
  5 polar bears
  9 wind drakes
  4 ravens
  A boulder beetle (Vaults:2)
  A jumping spider (shapeshifter) (Vaults:1)
  8 snapping turtles
  A shadow dragon simulacrum (Crypt:3)
  16 slime creatures (Vaults:1)
  22 jumping spiders
  26 blink frogs
  2 ettin zombies
  13 two-headed ogres
  2 bog bodies (Crypt:1)
  4 deep elf magi (D:11)
  19 trapdoor spiders
  4 basilisks
  An ice dragon skeleton (Crypt:2)
  37 redbacks
  A vampire (D:15)
  40 air elementals (WizLab)
  43 flying skulls
  11 water elementals
  43 yaks
  A shadow (D:14)
  31 tarantellas
  2 fire dragon skeletons
  18 hippogriffs
  9 wraiths
  12 spriggans
  3 hogs (Spider:1)
  2 hungry ghosts
  A golden eye (shapeshifter) (Vaults:2)
  Grum (D:13)
  A hog (shapeshifter) (Vaults:2)
  26 vampire mosquitoes
  7 wyverns
  A steam dragon (D:11)
  A wind drake skeleton (Crypt:2)
  A deep elf fighter (Vaults:1)
  5 wargs
  36 wolves
  Menkaure (D:6)
  8 mottled dragons
  An infernal demonspawn zombie (Crypt:1)
  13 insubstantial wisps (WizLab)
  A hell hound (Hell)
  7 sky beasts
  A spiny frog zombie (Crypt:2)
  12 water moccasins
  2 ice beasts
  8 porcupines
  8 wasps
  11 black bears
  30 spiders
  24 ogres
  An eye of draining (D:14)
  A swamp dragon zombie (Crypt:2)
  38 orc warriors
  5 phantoms
  6 centaurs
  A necrophage (D:14)
  A boring beetle (Lair:5)
  7 boggarts
  13 giant frogs
  16 crocodiles
  A gnoll sergeant (D:11)
  4 elf zombies
  3 elf skeletons (D:6)
  10 scorpions
  A wyvern zombie (D:6)
  3 troll skeletons
  A killer bee (D:11)
  4 spriggan skeletons (D:10)
  11 wights
  10 electric eels
  A wasp zombie (D:10)
  7 crimson imps
  43 orc priests
  A goliath beetle (D:9)
  A quasit (D:10)
  A giant frog zombie (D:5)
  6 jellies
  Crazy Yiuf (D:5)
  5 centaur zombies
  A two-headed ogre zombie (Crypt:2)
  6 centaur skeletons
  15 hounds
  16 iguanas
  43 orc wizards
  18 worker ants
  2 human skeletons (D:6)
  11 sheep
  A big kobold zombie (Ossuary)
  A naga zombie (Crypt:2)
  A killer bee zombie (D:9)
  A tengu skeleton (Crypt:1)
  3 hound zombies
  4 worker ant zombies
  3 mummies (Ossuary)
  27 river rats
  33 adders
  4 giant mites
  7 gnolls
  2 shadow imps
  2 worms (D:3)
  5 adder zombies
  3 adder skeletons
  10 giant geckos
  2 oozes
  165 orcs
  15 bats
  4 giant cockroaches
  3 gnoll zombies (Ossuary)
  25 goblins
  14 hobgoblins
  12 jackals
  A ball python (D:1)
  4 giant newts
  A giant spore (D:9)
  5 goblin zombies
  5 hobgoblin zombies (Ossuary)
  3 jackal zombies
  16 kobolds
  A kobold skeleton (Crypt:2)
  2 kobold zombies (Ossuary)
  2 orc skeletons (D:6)
  8 orc zombies
  12 quokkas
  4 quokka zombies (Ossuary)
  24 rats
  5 rat zombies (Ossuary)
  14 ballistomycetes
  A bush (Lair:8)
  A fungus (D:5)
  A plant (Shoals:4)
  3 tentacles (Shoals:4)
1971 creatures vanquished.

Vanquished Creatures (others)
  An unseen horror (Vaults:1)
  3 drowned souls (Shoals:4)
  5 lost souls
  2 wights (D:9)
  3 giant spores
  A ballistomycete (D:11)
  2 fungi (Shoals:3)
  6 plants
  A tentacle (Shoals:4)
  17 tentacle segments (Shoals:4)
41 creatures vanquished.

Grand Total: 2012 creatures vanquished

Notes
Turn   | Place    | Note
--------------------------------------------------------------
     0 | D:1      | Leibowitz, the Merfolk Gladiator, began the quest for the Orb.
     0 | D:1      | Reached XP level 1. HP: 16/16 MP: 1/1
   238 | D:1      | Reached XP level 2. HP: 20/22 MP: 2/2
   325 | D:1      | Reached skill level 1 in Stealth
   444 | D:1      | Reached XP level 3. HP: 23/27 MP: 3/3
   841 | D:2      | Reached skill level 5 in Polearms
  1183 | D:2      | Reached skill level 1 in Armour
  1245 | D:2      | Reached XP level 4. HP: 34/34 MP: 4/4
  1817 | D:3      | Reached skill level 5 in Dodging
  1833 | D:3      | Reached XP level 5. HP: 36/39 MP: 5/5
  2866 | D:4      | Reached XP level 6. HP: 33/46 MP: 6/6
  2872 | D:4      | Reached skill level 6 in Polearms
  3174 | D:4      | Found a glowing golden altar of the Shining One.
  3261 | D:4      | Found Thrudih's Food Shoppe.
  4235 | D:4      | Reached XP level 7. HP: 52/52 MP: 7/7
  4580 | D:5      | Entered Level 5 of the Dungeon
  4894 | D:5      | Found a burning altar of Makhleb.
  5249 | D:5      | Found a basalt altar of Yredelemnul.
  5336 | D:5      | Reached skill level 7 in Dodging
  5488 | D:5      | Noticed Crazy Yiuf
  5499 | D:5      | Killed Crazy Yiuf
  5499 | D:5      | Reached XP level 8. HP: 36/60 MP: 4/8
  5786 | D:6      | Found a sand-covered staircase.
  5794 | D:6      | Reached skill level 8 in Polearms
  5799 | Ossuary  | Entered an ossuary
  6157 | Ossuary  | Reached skill level 9 in Polearms
  6515 | D:6      | Reached XP level 9. HP: 56/66 MP: 9/9
  6539 | D:6      | Got a blackened dagger
  6540 | D:6      | Identified the cursed -1 dagger of Esmito {flame, rF+} (You found it on level 6 of the Dungeon)
  6542 | D:6      | Found a blossoming altar of Fedhas.
  6562 | D:6      | Noticed Menkaure
  6574 | D:6      | Killed Menkaure
  6574 | D:6      | Reached skill level 10 in Polearms
  6694 | D:6      | Found a radiant altar of Vehumet.
  6912 | D:6      | Found a deep blue altar of Sif Muna.
  7065 | D:6      | Reached skill level 5 in Fighting
  7134 | D:6      | Found a staircase to the Ecumenical Temple.
  7149 | Temple   | Entered the Ecumenical Temple
  7173 | Temple   | Became a worshipper of Warmaster Okawaru
  7910 | D:7      | Found Stawnof's Food Shoppe.
  8167 | D:7      | Found a bloodstained altar of Trog.
  8220 | D:7      | Found a shattered altar of Ashenzari.
  8223 | D:7      | Found an ancient bone altar of Kikubaaqudgha.
  8365 | D:8      | Reached skill level 5 in Stealth
  8414 | D:8      | Reached skill level 11 in Polearms
  8466 | D:8      | Acquired Okawaru's first power
  8576 | D:8      | Reached XP level 10. HP: 76/76 MP: 10/10
  8983 | D:9      | Found an opulent altar of Gozag.
  9601 | D:9      | Reached skill level 10 in Dodging
  9838 | D:9      | Learned a level 2 spell: Cure Poison
  9964 | D:9      | Reached skill level 12 in Polearms
 10378 | D:9      | Found a staircase to the Lair.
 10866 | D:10     | Entered Level 10 of the Dungeon
 10866 | D:10     | Found Huequl's General Store.
 10900 | D:10     | Found a runed door.
 10980 | D:10     | Found Erikuniy's Antique Armour Shoppe.
 10988 | D:10     | Bought an ichor-stained scale mail for 234 gold pieces
 10998 | D:10     | Identified the +4 scale mail "Grurch" {rPois rC+ SInv} (You bought it in a shop on level 10 of the Dungeon)
 10998 | D:10     | Bought a glowing cloak for 117 gold pieces
 11110 | D:10     | Found Mutommoa's Jewellery Shoppe.
 11155 | D:10     | Reached XP level 11. HP: 86/86 MP: 11/11
 11216 | D:10     | Found Skeott's Food Shoppe.
 11301 | D:10     | Found Clost's Distillery.
 11325 | D:10     | Reached skill level 13 in Polearms
 11455 | D:10     | Got a shimmering pewter ring
 11459 | D:10     | Identified the ring "Twiuc" {Int+2 Slay+4} (You took it off an orc priest on level 10 of the Dungeon)
 11460 | D:10     | Found a staircase to the Orcish Mines.
 11639 | D:10     | Received a gift from Okawaru
 12123 | D:11     | Noticed a centaur warrior
 12132 | D:11     | Killed a centaur warrior
 12136 | D:11     | Reached skill level 14 in Polearms
 12222 | D:11     | Noticed a hill giant
 12235 | D:11     | Killed a hill giant
 12235 | D:11     | Received a gift from Okawaru
 12281 | D:11     | Acquired Okawaru's second power
 12284 | D:11     | Reached skill level 5 in Armour
 12367 | D:11     | Noticed an unseen horror
 12378 | D:11     | Killed an unseen horror
 12405 | D:11     | Noticed an orc knight
 12443 | D:11     | Killed an orc knight
 12481 | D:11     | Reached XP level 12. HP: 59/96 MP: 12/12
 12645 | D:11     | Received a gift from Okawaru
 12799 | D:11     | Reached skill level 10 in Fighting
 12901 | D:11     | Received a gift from Okawaru
 13120 | D:11     | Noticed a six-headed hydra
 13127 | D:11     | Killed a six-headed hydra
 13453 | D:12     | Gained mutation: You are partially covered in iridescent scales (AC +4). [potion of mutation]
 13453 | D:12     | Gained mutation: You have a pair of small horns on your head. [potion of mutation]
 13453 | D:12     | Gained mutation: You are partially covered in icy blue scales (AC +1). [potion of mutation]
 14067 | D:13     | Noticed a six-headed hydra
 14081 | D:13     | Killed a two-headed hydra
 14089 | D:13     | Noticed Grum
 14106 | D:13     | Killed Grum
 14136 | D:13     | Noticed Nessos
 14138 | D:13     | Noticed a centaur warrior
 14152 | D:13     | Killed Nessos
 14152 | D:13     | Received a gift from Okawaru
 14164 | D:13     | Killed a centaur warrior
 14501 | D:13     | Received a gift from Okawaru
 14734 | Lair:1   | Entered Level 1 of the Lair of Beasts
 14874 | Lair:1   | Noticed Gastronok
 14886 | Lair:1   | Killed Gastronok
 14886 | Lair:1   | Reached XP level 13. HP: 73/107 MP: 10/13
 15515 | Lair:2   | Noticed Virusyak's ghost (powerful MfGl)
 15532 | Lair:2   | Killed Virusyak's ghost
 15648 | Lair:2   | Received a gift from Okawaru
 15657 | Lair:2   | Got a polished bardiche {god gift}
 15658 | Lair:2   | Identified the -1 bardiche "Guri" {freeze, +Blink rN+ MR+} (Okawaru gifted it to you on level 2 of the Lair of Beasts)
 16547 | Lair:3   | Received a gift from Okawaru
 16987 | Lair:3   | Reached skill level 15 in Polearms
 17727 | Lair:4   | Received a gift from Okawaru
 17905 | Lair:5   | Reached skill level 15 in Dodging
 17930 | Lair:5   | Found a staircase to the Shoals.
 17951 | Lair:5   | Received a gift from Okawaru
 18093 | Lair:5   | Identified a scroll of acquirement
 18094 | Lair:5   | Got a flickering ivory ring
 18096 | Lair:5   | Identified the ring of Zin's Righteous Anger {-Cast +Fly rElec rF- Dex+4 SInv} (You acquired it on level 5 of the Lair of Beasts)
 18298 | Lair:5   | Found a hole to the Spider Nest.
 18312 | Lair:5   | Reached XP level 14. HP: 89/116 MP: 15/15
 18795 | Lair:6   | Received a gift from Okawaru
 18802 | Lair:6   | Reached skill level 16 in Polearms
 18919 | Lair:6   | Found a viscous altar of Jiyva.
 18920 | Lair:6   | Found a staircase to the Slime Pits.
 18945 | Lair:6   | You fall through a shaft!
 18951 | Lair:7   | Received a gift from Okawaru
 19748 | Lair:8   | Entered Level 8 of the Lair of Beasts
 19938 | Lair:8   | Received a gift from Okawaru
 19941 | Lair:8   | Got a slimy hat {god gift}
 19957 | Lair:8   | Identified the +0 hat "Jiawkots" {rPois Slay+6} (Okawaru gifted it to you on level 8 of the Lair of Beasts)
 20085 | Lair:8   | Reached skill level 17 in Polearms
 20690 | Lair:8   | Reached XP level 15. HP: 124/124 MP: 16/16
 20798 | Lair:8   | Found a snail-covered altar of Cheibriados.
 20848 | Lair:8   | Reached skill level 10 in Stealth
 22210 | Orc:1    | Entered Level 1 of the Orcish Mines
 22856 | Orc:2    | Reached skill level 18 in Polearms
 23244 | Orc:2    | Noticed Sonja
 23250 | Orc:2    | Killed Sonja
 23250 | Orc:2    | Received a gift from Okawaru
 23513 | Orc:3    | Found a roughly hewn altar of Beogh.
 23756 | Orc:3    | Found a staircase to the Elven Halls.
 23780 | Orc:3    | Upgraded the game from 0.16.0-17-g811c1d7 to 0.16.0-18-g484a79e
 23924 | Orc:3    | Found a roughly hewn altar of Beogh.
 24151 | Orc:4    | Entered Level 4 of the Orcish Mines
 24276 | Orc:4    | Found Qoapsu's Assorted Antiques.
 24305 | Orc:4    | Bought a tiny garnet amulet for 150 gold pieces
 24538 | Orc:4    | Noticed Donald
 24554 | Orc:4    | Killed Donald
 24948 | Orc:4    | Found a glowing silver altar of Zin.
 25021 | Orc:4    | Found Smani's General Store.
 25023 | Orc:4    | Found Waomev's Gadget Shop.
 25023 | Orc:4    | Found Quitid Pure's Book Shop.
 25026 | Orc:4    | Found Siohigrut's Gadget Boutique.
 25852 | Shoals:1 | Entered Level 1 of the Shoals
 25903 | Shoals:1 | Noticed magipi's ghost (powerful HEAK)
 25927 | Shoals:1 | Killed magipi's ghost
 26129 | Shoals:1 | Found Ghaad's Book Emporium.
 26319 | Shoals:1 | Noticed Josephine
 26324 | Shoals:1 | Killed Josephine
 26803 | Shoals:2 | Received a gift from Okawaru
 26807 | Shoals:2 | Got a shimmering glaive {god gift}
 26808 | Shoals:2 | Identified the +4 glaive "Gram" {flame, SInv} (Okawaru gifted it to you on level 2 of the Shoals)
 27946 | Shoals:3 | Noticed Jorgrun
 27954 | Shoals:3 | Reached XP level 16. HP: 120/134 MP: 11/17
 27963 | Shoals:3 | Killed Jorgrun
 27965 | Shoals:3 | Reached skill level 15 in Fighting
 28047 | Shoals:3 | Received a gift from Okawaru
 28257 | Shoals:3 | Found Wiekuerirph's Book Shoppe.
 28300 | Shoals:3 | Reached skill level 1 in Invocations
 28894 | Shoals:3 | Got a scorched scale mail
 28916 | Shoals:3 | Identified the +3 scale mail of Gevudog {rElec Int+3 Dex+3} (You took it off a merfolk on level 3 of the Shoals)
 29168 | Shoals:4 | Received a gift from Okawaru
 29186 | Shoals:4 | Reached skill level 19 in Polearms
 29467 | Shoals:4 | Received a gift from Okawaru
 29826 | Shoals:4 | Noticed a kraken
 29845 | Shoals:4 | Killed a kraken
 30034 | Shoals:4 | Reached XP level 17. HP: 120/144 MP: 18/18
 30364 | Shoals:5 | Entered Level 5 of the Shoals
 30381 | Shoals:5 | Noticed Agnes
 30394 | Shoals:5 | Killed Agnes
 30741 | Shoals:5 | Reached skill level 20 in Polearms
 30959 | Shoals:5 | Noticed Ilsuiw
 30975 | Shoals:5 | Killed Ilsuiw
 30975 | Shoals:5 | Received a gift from Okawaru
 31007 | Shoals:5 | Received a gift from Okawaru
 31010 | Shoals:5 | Got a pair of shimmering boots {god gift}
 31021 | Shoals:5 | Identified the +2 pair of boots of the Original Sin {Str+3} (Okawaru gifted it to you on level 5 of the Shoals)
 31235 | Shoals:5 | Noticed Louise
 31242 | Shoals:5 | Killed Louise
 31493 | Shoals:5 | Got a barnacled rune of Zot
 31974 | Spider:1 | Entered Level 1 of the Spider Nest
 32217 | Spider:1 | Noticed Kirke
 32235 | Spider:1 | Killed Kirke
 32487 | Spider:4 | Noticed Mara
 32508 | Spider:4 | Noticed Leibowitz's illusion
 32533 | Spider:4 | Killed Mara
 32572 | Spider:4 | Reached XP level 18. HP: 154/154 MP: 20/20
 32672 | Spider:4 | Reached skill level 10 in Armour
 32914 | Spider:4 | Received a gift from Okawaru
 32956 | Spider:5 | Entered Level 5 of the Spider Nest
 33214 | Spider:5 | Reached skill level 21 in Polearms
 33673 | Spider:5 | Got a gossamer rune of Zot
 34204 | Spider:3 | Received a gift from Okawaru
 35050 | Spider:2 | Got an ichor-stained plate armour
 35061 | Spider:2 | Identified the +1 plate armour "Pyuzeg" {Dex+5} (You found it on level 2 of the Spider Nest)
 35110 | Spider:2 | Noticed Rupert
 35120 | Spider:2 | Killed Rupert
 35120 | Spider:2 | Received a gift from Okawaru
 35148 | Spider:2 | Got a slimy glaive
 35149 | Spider:2 | Identified the +3 glaive "Stredd" {antimagic, +Fly Int+2 Stlth+} (You found it on level 2 of the Spider Nest)
 35624 | Lair:5   | Received a gift from Okawaru
 36121 | D:13     | Found a radiant altar of Vehumet.
 36139 | D:13     | Noticed Erolcha
 36145 | D:13     | Killed Erolcha
 36320 | D:13     | Noticed UristMcMason's ghost (powerful FoFi)
 36330 | D:13     | Killed UristMcMason's ghost
 36330 | D:13     | Reached XP level 19. HP: 163/163 MP: 20/20
 36451 | D:14     | Found a gate to the Vaults.
 36522 | Vaults:1 | Entered Level 1 of the Vaults
 37074 | D:15     | Entered Level 15 of the Dungeon
 37134 | D:15     | Found Joisudyf's Food Shoppe.
 37160 | D:15     | Found Naofit's Magic Scroll Emporium.
 37308 | D:15     | Found a staircase to the Depths.
 37320 | Depths:1 | Entered Level 1 of the Depths
 37363 | Depths:1 | Found a portal to a secret trove of treasure.
 37399 | Depths:1 | Found a gateway to Hell.
 37405 | Hell     | Entered the Vestibule of Hell
 37405 | Hell     | Noticed Geryon
 37470 | Depths:1 | Found a magical portal.
 37535 | WizLab   | Entered The Chambers of Fyur the Cloud Mage
 37929 | WizLab   | Received a gift from Okawaru
 37998 | WizLab   | Identified the Handbook of Hurtful Weightlessness (You found it in a wizard's laboratory)
 38002 | WizLab   | Identified the Grimoire of Excruciating Weightlessness (You found it in a wizard's laboratory)
 38115 | Depths:1 | Noticed Saint Roka
 38133 | Depths:1 | Killed Saint Roka
 38543 | Depths:1 | Got a polished leather armour
 38554 | Depths:1 | Identified the +3 leather armour "Stryuczo" {rC+ Dex+2} (You found it on level 1 of the Depths)
 39195 | Vaults:1 | Reached XP level 20. HP: 78/174 MP: 21/21
 39600 | Vaults:1 | Received a gift from Okawaru
 39872 | Vaults:1 | Received a gift from Okawaru
 39875 | Vaults:1 | Got a pair of jewelled boots {god gift}
 39898 | Vaults:1 | Identified the +2 pair of boots "Jairello" {rPois rC+} (Okawaru gifted it to you on level 1 of the Vaults)
 40043 | Vaults:1 | Reached skill level 22 in Dodging
 40358 | Vaults:1 | welcome :)
 40429 | Vaults:2 | Found Styblaon's General Store.
 41681 | Vaults:3 | Found a staircase to the Crypt.
 41695 | Crypt:1  | Entered Level 1 of the Crypt
 41725 | Crypt:1  | Identified the Grimoire of Harmful Enhancements
 42120 | Crypt:1  | Received a gift from Okawaru
 42387 | Crypt:1  | Received a gift from Okawaru
 42822 | Crypt:2  | Received a gift from Okawaru
 42891 | Crypt:2  | Reached XP level 21. HP: 186/186 MP: 23/23
 43035 | Crypt:2  | Got a creamy pearl robe
 43046 | Crypt:2  | Identified the +1 robe "Schoquoto" {rElec Int-5 Dex+4} (You found it on level 2 of the Crypt)
 43376 | Crypt:2  | Reached skill level 23 in Dodging
 43567 | Crypt:2  | Identified the Volume of Dark Rites
 43634 | Crypt:3  | Entered Level 3 of the Crypt
 43991 | Crypt:3  | Found an ancient bone altar of Kikubaaqudgha.
 44039 | Crypt:3  | Received a gift from Okawaru
 44133 | Crypt:3  | Noticed Margery
 44171 | Crypt:3  | Killed from afar by Margery

Action                   |  1- 3 |  4- 6 |  7- 9 | 10-12 | 13-15 | 16-18 | 19-21 || total
-------------------------+-------+-------+-------+-------+-------+-------+-------++-------
Melee: Trident           |    95 |   176 |   485 |   772 |   988 |       |       ||  2516
       Halberd           |       |       |       |    18 |    12 |       |       ||    30
       Scimitar          |       |       |       |     4 |       |       |       ||     4
       Bardiche          |       |       |       |       |    36 |       |       ||    36
       Demon trident     |       |       |       |       |   219 |  1198 |  1497 ||  2914
       Unarmed           |       |       |       |       |   116 |       |       ||   116
 Fire: Blowgun           |       |    18 |    42 |    78 |       |       |       ||   138
Throw: Tomahawk          |       |    17 |     1 |       |       |       |       ||    18
       Throwing net      |       |       |     3 |     2 |     1 |     3 |       ||     9
       Javelin           |       |       |       |    10 |     4 |     6 |       ||    20
Invok: Heroism           |       |       |       |       |     4 |     2 |     6 ||    12
Evoke: Wand              |       |       |       |     4 |     1 |       |     1 ||     6
  Use: Scroll            |       |       |    11 |     8 |     5 |     4 |     2 ||    30
       Potion            |       |       |     7 |     2 |     5 |     4 |       ||    18
 Stab: Sleeping          |     3 |     8 |    24 |     9 |    51 |    27 |    41 ||   163
       Distracted        |       |     1 |     2 |     5 |     7 |     6 |     8 ||    29
       Held in net/web   |       |       |     1 |     5 |       |     3 |       ||     9
       Invisible         |       |       |       |     3 |       |    10 |       ||    13
  Eat: Chunk             |     1 |     8 |     6 |    19 |    41 |    29 |    24 ||   128
       Bread ration      |       |       |     2 |       |       |       |     2 ||     4
       Beef jerky        |       |       |     1 |       |       |     1 |     1 ||     3
       Pizza             |       |       |       |     1 |       |       |       ||     1
       Meat ration       |       |       |       |       |       |     1 |       ||     1
       Fruit             |       |       |       |       |       |       |     2 ||     2
